Map: Dusk Towers

Players

Sol - Winner!

  • Race: Zerg Zerg
  • League: Gold

SticklerMac

  • Race: Zerg Zerg
  • League: Platinum

VOD

Have the link to the VOD?

Description

Time

  • Played on: Nov. 10, 2015, 12:53 p.m.
  • Length: 6:13
Show
View Real Time Build Order
Export as new Build Order

Sol Zerg - Winner!

Build Orders: Pool First 

Get SALT Encoding   

  12  0:02  Drone  
  13  0:10  Drone  
  14  0:17  Drone, Extractor  
  15  0:22  Overlord  
  15  0:40  Drone x2  
  17  0:45  Drone  
  18  0:54  Spawning Pool  
  17  0:59  Drone  
  18  1:07  Drone  
  19  1:15  Hatchery  
  18  1:20  Overlord  
  18  1:30  Extractor  
  17  1:40  Queen  
  17  1:41  Zergling x4  
  21  1:53  Zergling x2  
  22  2:02  Zergling x2  
  23  2:14  Zergling x2  
  24  2:19  Queen  
  26  2:24  Zergling x2  
  26  2:28  Queen  
  29  2:30  Metabolic Boost  
  29  2:32  Drone  
  29  2:36  Drone  
  31  2:48  Drone x2  
  31  2:49  Drone x2  
  35  2:52  Overlord  
  35  3:03  Drone  
  36  3:06  Overlord  
  36  3:18  Drone  
  36  3:19  Drone x3  
  36  3:34  Roach Warren  
  36  3:37  Drone  
  36  3:38  Drone x3, Baneling Nest  
  36  3:40  Zergling x4  
  40  3:44  Zergling x4  
  42  3:58  Drone x2  
  42  3:59  Drone x3  
  45  4:06  Overlord  
  45  4:18  Roach  
  45  4:19  Roach x2  
  45  4:20  Overlord  
  45  4:23  Baneling x3  
  51  4:25  Roach x2  
  55  4:34  Overlord  
  55  4:36  Roach x2  
  59  4:47  Roach x2  
  59  4:51  Extractor  
  62  5:04  Hatchery  
  60  5:16  Baneling x3  
  60  5:17  Drone  
  60  5:18  Zergling x8  
  64  5:30  Baneling  
  64  5:34  Zergling x14  
  71  5:40  Extractor  
  70  5:48  Hatchery  
  69  5:50  Roach x2  
Show
View Real Time Build Order
Export as new Build Order

SticklerMac Zerg 

Build Orders: Pool First 

Get SALT Encoding   

  12  0:01  Drone  
  13  0:08  Drone  
  14  0:17  Overlord  
  14  0:44  Spawning Pool  
  14  0:49  Drone  
  14  1:02  Hatchery  
  13  1:05  Drone  
  13  1:09  Drone  
  15  1:17  Drone  
  16  1:23  Extractor  
  15  1:30  Drone  
  15  1:31  Queen  
  18  1:47  Drone  
  19  1:50  Zergling x2  
  20  2:11  Queen  
  20  2:13  Overlord x2  
  22  2:17  Spine Crawler  
  21  2:25  Queen  
  23  2:32  Metabolic Boost  
  23  2:47  Drone x3  
  23  2:48  Drone  
  27  2:54  Zergling x2  
  28  3:02  Zergling x4  
  28  3:05  Zergling x2  
  31  3:08  Zergling x2  
  32  3:24  Queen  
  32  3:26  Zergling x6  
  35  3:36  Baneling Nest  
  34  3:42  Queen  
  34  3:46  Drone  
  37  3:49  Drone  
  37  4:03  Zergling x8  
  37  4:05  Zergling x2  
  42  4:22  Zergling x4  
  44  4:25  Overlord x2  
  44  4:43  Overlord x2  
  44  5:03  Drone x3  
  44  5:04  Drone x2  
  44  5:05  Drone  
  50  5:07  Drone x2  
  50  5:11  Baneling x3  
  50  5:12  Baneling  
  39  5:28  Zergling x2  
  39  5:29  Zergling x12  
  44  5:41  Zergling x8  
  44  5:42  Zergling x2  
Tags
 
Add a new tag
Caveats
  • Supply blocks, unpowered buildings, or Contaminate may cause inaccurate times.
  • Supply counts are checked every 10 seconds.